 Dungeon Crawl Stone Soup version 0.30.0-29-ga12c61a403 (webtiles) character file.

Game seed: 14089602373253832000

7 Cheops the Digger (level 1, -1/14 HPs)
             Began as an Armataur Earth Elementalist on June 15, 2023.
             Slain by a jackal (2 damage)
             ... on level 1 of the Dungeon.
             The game lasted 00:00:29 (191 turns).

Cheops the Digger (Armataur Earth Elementalist)      Turns: 191, Time: 00:00:30

Health: -1/14      AC:  4    Str: 13    XL:     1   Next: 83%
Magic:  0/3        EV:  9    Int: 15    God:
Gold:   23         SH:  0    Dex: 10    Spells: 3/4 levels left

rFire   . . .        (no weapon)
rCold   . . .        (no shield)
rNeg    . . .        a - +0 robe
rPois   .            (no helmet)
rElec   .            (no cloak)
rCorr   .            (no gloves)
SInv    .            (no barding)
Will    .....        (no amulet)
Stlth   ++           (no ring)
HPRegen 0.22/turn    (no ring)
MPRegen 0.08/turn

%: roll
@: no status effects
A: large, rugged brown scales 3, deformed body, armoured tail, roll, long
tongue, awkward tongue
a: no special abilities


You were on level 1 of the Dungeon.
You visited 1 branch of the dungeon, and saw 1 of its levels.

You collected 23 gold pieces.

Inventory:

Armour
 a - a +0 robe (worn)
Jewellery
 e - a ring of ice
Scrolls
 c - a scroll of identify {unknown}
Potions
 b - a potion of magic
 d - a potion of lignification {unknown}
 f - a potion of curing {unknown}


   Skills:
 - Level 1.3 Dodging
 + Level 2.4 Stealth
 - Level 2.0 Spellcasting
 - Level 0.8 Transmutations
 * Level 2.9 Earth Magic


You had 3 spell levels left.
You knew the following spells:

 Your Spells              Type           Power      Damage    Failure   Level
a - Sandblast             Erth           20%        2d7       7%          1

Your spell library contained the following spells:

 Spells                   Type           Power      Damage    Failure   Level
 Passwall                 Tmut/Erth      5%         N/A       16%         2
 Stone Arrow              Conj/Erth      10%        3d7       36%         3
 Petrify                  Tmut/Erth      7%         N/A       71%         4


Dungeon Overview and Level Annotations

Branches:
Dungeon (1/15)

Altars:


Innate Abilities, Weirdness & Mutations

You are completely covered in rugged brown scales. (AC +3, +7% HP)
Armour fits poorly on your strangely shaped body.
You have a long armoured tail.
You roll when moving toward enemies. (Rampage)
Your long tongue fully drains potion bottles. (2x potion effects)
Your tongue gives you trouble enunciating. (1.5x scroll delay)


Message History

You hit the jackal but do no damage.
The jackal is moderately wounded.
The jackal closely misses you. The jackal barely misses you.
Casting: Sandblast (safe; 7% risk of failure)
Confirm with . or Enter, or press ? or * to list all spells.
You don't have enough magic to cast this spell.
You barely miss the jackal.
The jackal is moderately wounded.
The jackal bites you.
* * * LOW HITPOINT WARNING * * *
Casting: Sandblast (safe; 7% risk of failure)
Confirm with . or Enter, or press ? or * to list all spells.
You don't have enough magic to cast this spell.
You closely miss the jackal.
The jackal is moderately wounded.
The jackal bites you but does no damage.
The jackal barely misses you.
Casting: Sandblast (safe; 7% risk of failure)
Confirm with . or Enter, or press ? or * to list all spells.
Aiming: Sandblast (safe; 7% risk of failure)
Press: ? - help, Shift-Dir - straight line, f/p - jackal
Aim: a jackal (moderately wounded, 77% to hit)
The blast of sand hits the jackal!
You kill the jackal!
The jackal bites you but does no damage.
Training target 2.0 for Spellcasting reached!
Your Spellcasting skill increases to level 2!
You hit the jackal.
The jackal is moderately wounded.
The jackal bites you.
* * * LOW HITPOINT WARNING * * *
Casting: Sandblast (safe; 7% risk of failure)
Confirm with . or Enter, or press ? or * to list all spells.
You don't have enough magic to cast this spell.
You hit the jackal.
The jackal is severely wounded.
The jackal bites you.
* * * LOW HITPOINT WARNING * * *
The jackal bites you.
You die...

####### #########
......################.......###
.............†..@hh.........†..##
.....#################..........#
.....# ##.......... .....#
#####h.......... .....#
#.[.............. .....#
..#####.......... .#####
#.......... .# ##........# .#
#........#


You could see 2 jackals.

Vanquished Creatures
  2 ball pythons (D:1)
  A hobgoblin (D:1)
  2 jackals (D:1)
5 creatures vanquished.

Notes
Turn   | Place    | Note
-------+----------+-------------------------------------------
     0 | D:1      | Cheops the Armataur Earth Elementalist began the quest for
                  | the Orb.
     0 | D:1      | Reached XP level 1. HP: 14/14 MP: 3/3
   191 | D:1      | Slain by a jackal

Illustrated notes

Levels and vault maps discovered:
D:1:      tarquinn_simple_flora_water_a, layout_rooms, basic_ecumenical_altar

Skill      XL: |  1 |
---------------+----+-----
Spellcasting   | 2 |  2.0
Dodging        | |  1.3
Stealth        | |  2.4
Transmutations | |  0.8
Earth Magic    | |  2.9

Action                     || total
---------------------------++-------
  Melee: Unarmed           ||    23
   Cast: Sandblast         ||     8
 Armour: Robe              ||    19
  Dodge: Dodged            ||    30
